 Dungeon Crawl Stone Soup version 0.32-a0-422-g28b100f618 (webtiles) character file.

Game seed: 9552809430385385153

919 sanka the Toxicologist (level 8, -1/34 (52) HPs)
             Began as a Merfolk Alchemist on Feb 21, 2024.
             Was a Believer of Okawaru.
             Slain by a spectral adder (2 damage)
             ... in an ossuary.
             The game lasted 00:07:26 (5908 turns).

sanka the Toxicologist (Merfolk Alchemist)          Turns: 5908, Time: 00:07:26

HP:   -1/34 (52)    AC:  2    Str:  9    XL:     8   Next: 9%
MP:   4/12          EV: 12    Int: 16    God:    Okawaru [**....]
Gold: 373           SH:  0    Dex: 14    Spells: 4/13 levels left

rFire   . . .        k - +0 war axe
rCold   . . .        (no shield)
rNeg    . . .        a - +0 robe
rPois   +            (no helmet)
rElec   .            (no cloak)
rCorr   .            (no gloves)
SInv    .            (no boots)
Will    +....        (no amulet)
Stlth   ++           y - ring of willpower
HPRegen 0.25/turn    r - ring of poison resistance
MPRegen 0.13/turn

%: no passive effects
@: very slightly contaminated, very heavily drained
A: (nimble swimmer 2), mertail
a: Renounce Religion, Heroism


You were in an ossuary.
You worshipped Okawaru.
Okawaru was pleased with you.
You visited 1 branch of the dungeon, and saw 6 of its levels.
You also visited: Ossuary.

You collected 373 gold pieces.


Innate Abilities, Weirdness & Mutations

((You are very nimble when in or above water. (Stealth+, EV+, Speed+++)))
Your lower body shifts to a powerful aquatic tail in water.


   Skills:
 - Level 2.6 Dodging
 - Level 2.1 Stealth
 + Level 3.3 Spellcasting
 - Level 1.0 Conjurations
 + Level 1.9 Fire Magic
 - Level 11.0 Alchemy


You had 4 spell levels left.
You knew the following spells:

 Your Spells              Type           Power      Damage    Failure   Level
x - Sticky Flame          Fire/Alch      23%        2d6       12%         4
z - Sting                 Conj/Alch      84%        1d8       1%          1
X - Olgreb's Toxic Radia  Alch           38%        N/A       1%          4

Your spell library contained the following spells:

 Spells                   Type           Power      Damage    Failure   Level
 Mercury Vapours          Alch/Air       40%        N/A       2%          2
 Mephitic Cloud           Conj/Alch/Air  15%        N/A       11%         3
 Necrotise                Necr           8%         1d4       19%         1
 Sigil of Binding         Hex            2%         N/A       50%         3
 Vampiric Draining        Necr           2%         2d6       50%         3
 Dimensional Bullseye     Hex/Tloc       1%         N/A       88%         4
 Curse of Agony           Necr           2%         N/A       99%         5
 Call Canine Familiar     Summ           Unusable   N/A       N/A         3
 Martyr's Knell           Necr/Summ      Unusable   N/A       N/A         4

Inventory:

Hand Weapons
 i - a +0 short sword
 k - a +0 war axe (weapon)
 A - a +0 morningstar
Missiles
 q - a throwing net {=f}
Armour
 a - a +0 robe (worn)
Jewellery
 r - a ring of poison resistance (right hand)
 y - a ring of willpower (left hand)
Wands
 p - a wand of mindburst (27)
 v - a wand of flame (30)
Scrolls
 e - a scroll of enchant armour {unknown}
 f - 6 scrolls of identify {unknown}
 h - 5 scrolls of immolation {unknown}
 l - a scroll of amnesia {unknown}
 m - a scroll of revelation {unknown}
 n - 4 scrolls of teleportation {unknown}
 u - a scroll of noise {unknown}
 x - a scroll of fear {unknown}
 B - a scroll of vulnerability {unknown}
 C - 5 scrolls of fog {unknown}
Potions
 b - a potion of magic
 c - 3 potions of curing {unknown}
 d - a potion of cancellation {unknown}
 g - 2 potions of might {unknown}
 j - a potion of ambrosia {unknown}
 o - 2 potions of enlightenment {unknown}
 s - a potion of heal wounds {unknown}
 t - a potion of mutation {unknown}
 w - a potion of lignification {unknown}
 z - a potion of resistance {unknown}

Dungeon Overview and Level Annotations

Branches:
Dungeon (6/15)            Ossuary (1/1)
 Temple: D:4-7

Altars:
Okawaru

Shops:
D:2

( ▒▒.....▒
▒▒''▒▒▒
▒▒..▒▒.▒
▒▒..▒▒..▒
▒^.▒▒...▒
▒▒.+▒....▒
▒..+ZZ...▒
▒.▒▒ZZ...▒
▒^.mZZZ..▒
▒▒.'▒Z...▒
▒..▒ ...▒
▒▒.. ..▒
▒▒.. .▒
▒++ ▒


You could see 2 spectral adders, 3 spectral jackals, a spectral hound, a
spectral bullfrog and a spectral gnoll.


Message History

The spectral adder misses you.
The spectral bullfrog hits you but does no damage.
Unknown command.
Unknown command.
Aiming: Sticky Flame (quite dangerous; 12% risk of failure)
Press: ? - help, Shift-Dir - straight line, f - spectral bullfrog
Aim: a spectral bullfrog (heavily damaged, unstickable)
The sticky flame hits the spectral bullfrog.
The spectral bullfrog is severely damaged.
The spectral bullfrog hits you.
* * * LOW HITPOINT WARNING * * *
You feel drained. The spectral adder bites you.
* * * LOW HITPOINT WARNING * * *
You feel drained.
The spectral bullfrog barely misses you.
The spectral adder bites you but does no damage.
Unknown command.
Unknown command.
Aiming: Sticky Flame (quite dangerous; 12% risk of failure)
Press: ? - help, Shift-Dir - straight line, f/p - spectral bullfrog
Aim: a spectral bullfrog (severely damaged, unstickable)
You miscast Sticky Flame.
You are very lightly contaminated with residual magic.
Nothing appears to happen.
The spectral bullfrog hits you.
* * * LOW HITPOINT WARNING * * *
You feel drained. The spectral adder bites you.
You die...

Action                     |  1- 3 |  4- 6 |  7- 9 || total
---------------------------+-------+-------+-------++-------
  Melee: Unarmed           |    15 |       |       ||    15
         Short sword       |    12 |       |       ||    12
         War axe           |       |    27 |    25 ||    52
         Morningstar       |       |       |    46 ||    46
   Cast: Sting             |    45 |    95 |    21 ||   161
         Olgreb's Toxic Ra |       |     3 |     6 ||     9
         Sticky Flame      |       |       |     4 ||     4
  Evoke: Wand              |       |       |     2 ||     2
   Stab: Sleeping          |       |       |     1 ||     1
 Armour: Robe              |    28 |    41 |    80 ||   149
  Dodge: Dodged            |    29 |    51 |    69 ||   149

Levels and vault maps discovered:
D:1:      evilmike_arrival_fibonacci_small, layout_basic, interstate_on_off,
          minmay_3d_cube
D:2:      layout_loops_ring, serial_forest, infiniplex_forest_clump_curved,
          infiniplex_forest_end_double, infiniplex_forest_straight_5,
          infiniplex_forest_straight_3, serial_shops, shop,
          kennysheep_generic_room_16, uniq_natasha
D:3:      minmay_skewed_foursquare, layout_loops_ring, basic_ecumenical_altar,
          nicolae_eternal_life, uniq_terence
D:4:      layout_basic, serial_bayou_pond_d
D:5:      layout_basic, palyth_stone_intersect
D:6:      nicolae_cairo_tiling_large, layout_basic, lemuel_temple_firewalk_b,
          nicolae_ossuary_entry_giza, uniq_menkaure
Ossuary:  ossuary_zaba_two_paths

Notes
Turn   | Place    | Note
-------+----------+-------------------------------------------
     0 | D:1      | sanka the Merfolk Alchemist began the quest for the Orb.
     0 | D:1      | Reached XP level 1. HP: 13/13 MP: 3/3
    40 | D:1      | Reached skill level 1 in Conjurations
   136 | D:1      | Reached XP level 2. HP: 17/19 MP: 0/5
   381 | D:1      | Reached skill level 5 in Alchemy
   581 | D:1      | Reached XP level 3. HP: 24/24 MP: 1/6
  1048 | D:2      | Noticed Natasha
  1049 | D:2      | Found Adot Hie's Weapon Emporium.
  1053 | D:2      | Killed Natasha
  1054 | D:2      | Reached skill level 6 in Alchemy
  1054 | D:2      | Reached XP level 4. HP: 25/30 MP: 2/7
  1336 | D:2      | Noticed Natasha
  1343 | D:2      | Killed Natasha
  1344 | D:2      | Reached skill level 7 in Alchemy
  1529 | D:2      | Reached XP level 5. HP: 29/35 MP: 8/8
  1628 | D:2      | Learned a level 4 spell: Olgreb's Toxic Radiance
  1631 | D:2      | Noticed Natasha
  1638 | D:2      | Killed Natasha
  2549 | D:3      | Found a faded altar of an unknown god.
  2615 | D:3      | Reached skill level 8 in Alchemy
  2935 | D:3      | Noticed Terence
  2949 | D:3      | Killed Terence
  3070 | D:3      | Prayed at the altar of an unknown god.
  3070 | D:3      | Became a worshipper of Warmaster Okawaru
  3070 | D:3      | Reached * piety under Okawaru
  3197 | D:3      | Reached XP level 6. HP: 21/41 MP: 1/9
  3656 | D:4      | Learned a level 4 spell: Sticky Flame
  3701 | D:4      | Noticed a black bear
  3717 | D:4      | Reached skill level 9 in Alchemy
  3745 | D:4      | Killed a black bear
  4059 | D:4      | Noticed a black bear
  4064 | D:4      | Killed a black bear
  4065 | D:4      | Reached skill level 10 in Alchemy
  4065 | D:4      | Reached XP level 7. HP: 46/46 MP: 1/10
  4744 | D:5      | Entered Level 5 of the Dungeon
  4883 | D:5      | Reached ** piety under Okawaru
  4884 | D:5      | Reached skill level 1 in Fire Magic
  5537 | D:5      | Reached skill level 3 in Spellcasting
  5537 | D:5      | Reached skill level 11 in Alchemy
  5537 | D:5      | Reached XP level 8. HP: 52/52 MP: 7/12
  5588 | D:6      | Identified the +0 ring mail of Peek-a-Boo {rF+ Dex+3}
  5610 | D:6      | Found a sand-covered staircase.
  5617 | D:6      | HP: 2/52 [mummy (14)]
  5796 | Ossuary  | Entered an ossuary
  5908 | Ossuary  | HP: 1/35 [spectral bullfrog (5)]
  5908 | Ossuary  | Slain by a spectral adder

Vanquished Creatures
  A water moccasin (D:5)
  2 black bears (D:4)
  2 phantoms
  A hound (D:5)
  3 iguanas
  An orc wizard (D:5)
  Terence (D:3)
  Natasha (thrice) (D:2)
  A mummy (D:6)
  5 adders
  5 ufetubi
  2 dart slugs
  6 orcs
  7 ball pythons
  6 endoplasms
  4 giant cockroaches
  3 gnoll zombies (Ossuary)
  7 goblins
  8 hobgoblins
  4 jackals
  6 quokkas
  5 bats
  2 frilled lizards
  7 kobolds
  A kobold zombie (D:6)
  2 orc zombies (Ossuary)
  4 rats
99 creatures vanquished.
